 Dungeon Crawl Stone Soup version 0.30.1-4-g462c640d31 (webtiles) character file.

Game seed: 5933824730977039122

16 spardeous the Conjurer (level 2, 20/20 HPs)
             Began as a Demigod Conjurer on Aug 17, 2023.
             Got out of the dungeon alive.
             The game lasted 00:00:33 (1294 turns).

spardeous the Conjurer (Demigod Conjurer)           Turns: 1294, Time: 00:00:33

Health: 20/20      AC:  3    Str:  5 (8)  XL:     2   Next: 24%
Magic:  7/7        EV: 12    Int: 18 (20) God:
Gold:   50         SH:  0    Dex: 10 (12) Spells: 4/5 levels left

rFire   . . .        (no weapon)
rCold   . . .        (no shield)
rNeg    . . .        a - +1 robe
rPois   .            (no helmet)
rElec   .            (no cloak)
rCorr   .            (no gloves)
SInv    .            (no boots)
Will    .....        (no amulet)
Stlth   ++           (no ring)
HPRegen 0.23/turn    (no ring)
MPRegen 0.10/turn

%: no passive effects
@: no status effects
A: high MP 1, forlorn, divine attributes
a: no special abilities


You escaped.
You visited 1 branch of the dungeon, and saw 1 of its levels.

You collected 50 gold pieces.

Inventory:

Armour
 a - a +1 robe (worn)
Scrolls
 f - a scroll of magic mapping
Potions
 b - a potion of magic
 e - a potion of curing


   Skills:
 - Level 1.7 Dodging
 - Level 1.7 Stealth
 + Level 2.2 Spellcasting
 + Level 3.9 Conjurations


You had 4 spell levels left.
You knew the following spells:

 Your Spells              Type           Power      Damage    Failure   Level
a - Magic Dart            Conj           64%        1d6       3%          1

Your spell library contained the following spells:

 Spells                   Type           Power      Damage    Failure   Level
 Searing Ray              Conj           32%        2d5       5%          2
 Dazzling Flash           Conj/Hex       18%        N/A       24%         3
 Fulminant Prism          Conj/Hex       4%         3d5       61%         4
 Iskenderun's Mystic Bla  Conj/Tloc      9%         2d4       61%         4


Dungeon Overview and Level Annotations

Branches:
Dungeon (1/15)


Innate Abilities, Weirdness & Mutations

You have an increased reservoir of magic. (+10% MP)
You shall have no god before yourself.
Your divine heritage dramatically boosts your attributes as you level up.


Message History

Done exploring.
Casting: Magic Dart (safe; 3% risk of failure)
Confirm with . or Enter, or press ? or * to list all spells.
You can't see any susceptible monsters within range! (Use Z to cast anyway.) Done exploring.
Casting: Magic Dart (safe; 3% risk of failure)
Confirm with . or Enter, or press ? or * to list all spells.
You can't see any susceptible monsters within range! (Use Z to cast anyway.)
As you read the scroll labelled KYINEBBE KIGG, it crumbles to dust.
Your body is wracked with pain!
It was a scroll of torment.
You take 8 damage, and have 12/20 hp.
MASSIVE DAMAGE!!
As you read the scroll labelled WIQIABL OTRAFI, it crumbles to dust.
It is a scroll of enchant armour.
Your +0 robe glows green for a moment.
As you read the scroll labelled ITRUT HULE, it crumbles to dust.
You feel momentarily disoriented.
It was a scroll of magic mapping.
Okay, then.
It was a potion of lignification.
You turn into a tree.
Your +1 robe melds into your body.
Your roots penetrate the ground.
You now have 19/30 hp.
It was a potion of degeneration.
There was something very wrong with that liquid.
You feel weakened.
You feel dopey.
You feel clumsy.
It was a potion of curing.
You feel better.
Health restored: 30 You start resting.
Your transformation is almost over.
HP restored.
You feel less wooden.
Your +1 robe unmelds from your body.
You now have 20/20 hp.
You start waiting.
Done waiting.
(D) Dungeon
Where to? (? - help)
Okay, then.
There is an open door here.
There is a staircase leading out of the dungeon here.
Are you sure you want to leave the Dungeon?
This will make you lose the game!
You have escaped!

.................# #
.................# #
......############ #
#####.## # ##.....# #
.#.....# # .#.....# #
.#.....##################
#
.......##......#@#......#
#
.......##.##.##'.'##.##.#
#
.#.....##...............#
#
.......###.########.#####
#
##.....##...#.....#.#...#
#
.......##.#######.#.#.#.#
#
.......##.#...........#.#
#
.......##.#.###########.#
#
.##....##.#..........(#.#
#


There were no monsters in sight!

Vanquished Creatures
  2 ball pythons (D:1)
  An endoplasm (D:1)
  A giant cockroach (D:1)
  2 hobgoblins (D:1)
  3 quokkas (D:1)
  A frilled lizard (D:1)
  3 kobolds (D:1)
  2 rats (D:1)
15 creatures vanquished.

Notes
Turn   | Place    | Note
-------+----------+-------------------------------------------
     0 | D:1      | spardeous the Demigod Conjurer began the quest for the Orb.
     0 | D:1      | Reached XP level 1. HP: 14/14 MP: 5/5
   652 | D:1      | Reached XP level 2. HP: 20/20 MP: 4/7
  1294 | D:$      | Got out of the dungeon alive.

Illustrated notes

Levels and vault maps discovered:
D:1:      onia_arrival_mini_maze_b, layout_basic, hangedman_glass_teeth,
          minmay_tetromino_l2

Skill      XL: |  1 |
---------------+----+-----
Spellcasting   | 2 |  2.2
Dodging        | |  1.7
Stealth        | |  1.7
Conjurations   | |  3.9

Action                     || total
---------------------------++-------
   Cast: Magic Dart        ||    32
    Use: Scroll            ||     3
         Potion            ||     3
  Dodge: Dodged            ||     3
